 Dungeon Crawl Stone Soup version 0.25-a0-413-g3b4b6a4ccc (webtiles) character file.

Game seed: 9894314593215837361, levelgen mode: deterministic

1589 kae the Zephyrmancer (level 8, 0/57 HPs)
             Began as a White Draconian Air Elementalist on Jan 16, 2020.
             Succumbed to a worker ant's poison
             ... on level 6 of the Dungeon.
             The game lasted 00:10:17 (7963 turns).

kae the Zephyrmancer (DrAE)                         Turns: 7963, Time: 00:10:17

Health: 0/57       AC:  9    Str: 10    XL:     8   Next: 61%
Magic:  0/15       EV: 12    Int: 18    God:
Gold:   223        SH:  0    Dex: 12    Spells: 7/17 levels left

rFire    . . .     SeeInvis .   o - +0 mace of Cocytus {vamp, +Fly Stlth+} (curse)
rCold    + . .     Gourm    .   (no shield)
rNeg     . . .     Faith    .   (armour unavailable)
rPois    .         Spirit   .   (helmet restricted)
rElec    .         Reflect  .   f - +0 cloak
rCorr    .         Harm     .   t - +1 pair of gloves
MR       .....                  (no boots)
Stlth    +++.......             (no amulet)
HPRegen  0.19/turn              (no ring)
MPRegen  0.14/turn              (no ring)

@: lethally poisoned (0 -> -14)
A: breathe frost, unfitting armour, cold resistance 1, cold-blooded, AC +6
a: Breathe Frost, Evoke Flight


You were on level 6 of the Dungeon.
You were not hungry.

You visited 1 branch of the dungeon, and saw 6 of its levels.

You collected 223 gold pieces.

Inventory:

Hand Weapons
 a - a +2 rapier of speed
 b - a +2 hand axe of venom
 o - the cursed +0 mace of Cocytus (weapon) {vamp, +Fly Stlth+}
   (You found it on level 5 of the Dungeon)

   It inflicts no extra harm, but heals its wielder when it wounds a living foe.
   It lets you fly.
   It makes you more stealthy.
   It has a curse placed upon it.
Armour
 f - a +0 cloak (worn)
 t - a +1 pair of gloves (worn)
Magical Staves
 q - an uncursed staff of poison {unknown}
Wands
 c - a wand of iceblast (2)
 h - a wand of polymorph (5)
 k - a wand of flame (3)
 m - a wand of random effects (13)
Scrolls
 d - 2 scrolls of teleportation
 j - a scroll of identify
 l - 3 scrolls of remove curse
 n - a scroll of enchant weapon
 p - a scroll of random uselessness
Potions
 e - a potion of degeneration
 g - a potion of might
 i - 2 potions of flight
Comestibles
 u - 8 rations


   Skills:
 - Level 1.7 Dodging
 - Level 1.7 Stealth
 + Level 5.3 Spellcasting
 + Level 5.3 Conjurations
 * Level 8.3 Air Magic


You had 7 spell levels left.
You knew the following spells:

 Your Spells              Type           Power        Failure   Level  Hunger
a - Shock                 Conj/Air       ####         1%          1    None
b - Static Discharge      Conj/Air       ####....     2%          3    ##.....
c - Swiftness             Chrm/Air       ###.....     3%          2    #......
d - Airstrike             Air            ####......   4%          4    ####...

Your spell library contained the following spells:

 Spells                   Type           Power        Failure   Level  Hunger
 Summon Small Mammal      Summ           #...         13%         1    None
 Call Imp                 Summ           #.......     21%         2    #......
 Summon Lightning Spire   Summ/Air       ###.....     22%         4    ####...
 Lightning Bolt           Conj/Air       ####......   22%         5    ######.
 Call Canine Familiar     Summ           #.......     36%         3    ##.....
 Summon Guardian Golem    Hex/Summ       #.......     36%         3    ##.....
 Summon Ice Beast         Ice/Summ       #.......     78%         4    ####...


Dungeon Overview and Level Annotations

Branches:
Dungeon (6/15)
 Temple: D:4-7

Altars:
Elyvilon
Kikubaaqudgha
Makhleb
Okawaru
Xom
Zin


Innate Abilities, Weirdness & Mutations

You can breathe waves of freezing cold.
You can buffet flying creatures when you breathe cold.
Your icy white scales are hard. (AC +6)
You cannot fit into any form of body armour.
Your flesh is cold resistant. (rC+)
You are cold-blooded and may be slowed by cold attacks.


Message History

* * * LOW HITPOINT WARNING * * *
You feel sick.
The worker ant bites you but does no damage.
The worker ant bites you.
* * * LOW HITPOINT WARNING * * *
You are more poisoned.
The worker ant poisons you!
You hit the worker ant.
You kill the worker ant!
* * * LOW HITPOINT WARNING * * *
You feel very sick.
Okay, then.
There is a lethal amount of poison in your body!
* * * LOW HITPOINT WARNING * * *
You feel sick.
You see here a worker ant corpse.
There is a lethal amount of poison in your body!
There is a lethal amount of poison in your body!
A hound skeleton comes into view.
You die...

#.......# ##
#.....#.......
#.....#####.##
#.....###...
#.....##..#
#.....##.#
#####....##
##%..†##
#..##.@#
#.####..(..#
#. ###......
.. ##..#. ...
... .... .Z
..... . #.....


You could see a hound skeleton (dormant).

Vanquished Creatures
  Pikel (D:4)
  Prince Ribbit (D:6)
  Eustachio (D:4)
  An ice beast (D:5)
  2 slaves (D:4)
  A big kobold (D:5)
  3 jellies
  2 orc priests
  Jessica (D:3)
  Natasha (thrice) (D:2)
  An orc wizard (D:3)
  7 worker ants
  3 gnolls (D:3)
  7 adders
  3 oozes
  An adder skeleton (D:5)
  A worm (D:3)
  A dart slug (D:2)
  7 leopard geckos
  11 orcs
  A giant cockroach (D:3)
  7 goblins
  10 hobgoblins
  5 jackals (D:3)
  9 kobolds
  3 quokkas
  7 bats
  3 frilled lizards
  A jackal skeleton (D:2)
  4 rats
  A plant (D:5)
109 creatures vanquished.

Vanquished Creatures (others)
  An orc wizard (D:5)
1 creature vanquished.

Grand Total: 110 creatures vanquished

Notes
Turn   | Place    | Note
-------+----------+-------------------------------------------
     0 | D:1      | kae the Draconian Air Elementalist began the quest for the
                  | Orb.
     0 | D:1      | Reached XP level 1. HP: 14/14 MP: 3/3
   140 | D:1      | Reached XP level 2. HP: 9/20 MP: 0/5
   679 | D:2      | Reached XP level 3. HP: 25/26 MP: 0/6
  1078 | D:2      | Noticed Natasha
  1101 | D:2      | Killed Natasha
  1101 | D:2      | Reached skill level 4 in Air Magic
  1101 | D:2      | Reached XP level 4. HP: 4/33 MP: 2/7
  1847 | D:2      | Noticed Natasha
  1854 | D:2      | Killed Natasha
  1861 | D:2      | Noticed Natasha
  2218 | D:1      | Learned a level 3 spell: Static Discharge
  2221 | D:1      | Learned a level 2 spell: Swiftness
  2229 | D:2      | Killed Natasha
  2229 | D:2      | Reached XP level 5. HP: 26/38 MP: 0/9
  2462 | D:3      | Noticed an angel
  2532 | D:3      | Found a shimmering altar of Xom.
  2579 | D:3      | Found a white marble altar of Elyvilon.
  2694 | D:3      | Reached skill level 5 in Air Magic
  2773 | D:3      | Found a glowing silver altar of Zin.
  3041 | D:3      | Noticed Jessica
  3043 | D:3      | Killed Jessica
  3043 | D:3      | Reached XP level 6. HP: 45/45 MP: 1/10
  4161 | D:3      | Found an ancient bone altar of Kikubaaqudgha.
  4473 | D:4      | Found a burning altar of Makhleb.
  4590 | D:4      | Noticed a slave
  4590 | D:4      | Noticed a slave
  4887 | D:4      | Killed a slave
  4975 | D:4      | Learned a level 4 spell: Airstrike
  5010 | D:4      | Noticed Pikel
  5010 | D:4      | Noticed a slave
  5010 | D:4      | Noticed a slave
  5797 | D:4      | Noticed Eustachio
  5816 | D:4      | Killed Eustachio
  5816 | D:4      | Reached skill level 6 in Air Magic
  5816 | D:4      | Your scales start taking on an icy white colour.
  5816 | D:4      | Reached XP level 7. HP: 36/50 MP: 0/12
  5816 | D:4      | Gained mutation: Your flesh is cold resistant. (rC+) [White
                  | Draconian growth]
  6015 | D:4      | Found an iron altar of Okawaru.
  6538 | D:4      | Killed Pikel
  6538 | D:4      | Reached skill level 7 in Air Magic
  6538 | D:4      | Reached XP level 8. HP: 27/57 MP: 0/14
  6697 | D:5      | Entered Level 5 of the Dungeon
  7181 | D:5      | Got a crystal mace
  7184 | D:5      | Identified the cursed +0 mace of Cocytus {vamp, +Fly
                  | Stlth+} (You found it on level 5 of the Dungeon)
  7489 | D:5      | Reached skill level 5 in Spellcasting
  7489 | D:5      | Reached skill level 5 in Conjurations
  7911 | D:6      | Reached skill level 8 in Air Magic
  7917 | D:6      | Noticed Prince Ribbit
  7931 | D:6      | Killed Prince Ribbit
  7961 | D:6      | HP: 1/57 [poisoned by a worker ant]
  7963 | D:6      | Succumbed to a worker ant's poison

Levels and vault maps discovered:
D:1:      minmay_arrival_nine_rooms, layout_rooms
D:2:      layout_loops_corners, first_ration, uniq_natasha
D:3:      layout_loops_ring, grunt_temple_overflow_order_and_chaos_1,
          lemuel_coloured_pillars_altar, elyvilon_altar_3, uniq_jessica
D:4:      layout_basic, nicolae_overflow_hidden_temple, kennysheep_little_box,
          uniq_eustachio, uniq_pikel
D:5:      layout_cave_pools, lexackson_kobold_supper
D:6:      layout_rooms, portal_sewer_entry_d, cheibrodos_ashenzari_chains,
          uniq_prince_ribbit1

Skill      XL: |  1  2  3  4  5  6  7  8 |
---------------+-------------------------+-----
Conjurations   | 2 3 4 5 |  5.3
Air Magic      | 4 5 6 7 8 |  8.3
Spellcasting   | 3 4 5 |  5.3
Dodging        | |  1.7
Stealth        | |  1.7

Action                   |  1- 3 |  4- 6 |  7- 9 || total
-------------------------+-------+-------+-------++-------
Melee: Dagger            |    40 |    46 |       ||    86
       Unarmed           |     9 |       |       ||     9
       Tailslap          |     7 |     1 |    13 ||    21
       War axe           |       |    19 |       ||    19
       Rapier            |       |       |    12 ||    12
       Hand axe          |       |       |    15 ||    15
       Mace              |       |       |    75 ||    75
 Cast: Shock             |    33 |   136 |    46 ||   215
       Static Discharge  |       |    15 |    14 ||    29
       Swiftness         |       |     1 |       ||     1
       Airstrike         |       |       |     4 ||     4
Evoke: Wand              |       |       |     4 ||     4
  Use: Potion            |     4 |     1 |       ||     5
       Scroll            |       |     5 |     7 ||    12
 Stab: Sleeping          |     2 |     3 |     1 ||     6
  Eat: Chunk             |       |    15 |     4 ||    19
       Ration            |       |     1 |     1 ||     2
Armor: Skin              |    13 |    65 |    44 ||   122
Dodge: Dodged            |    35 |    74 |    69 ||   178

Table legend:
 A = Non-vault XP
 B = Vault XP
 C = Vault XP percentage of total XP
 D = Non-vault monster count
 E = Vault monster count
 F = Vault count percentage of total count
                 A         B        C        D         E       F
            +---------+---------+-------+---------+---------+-------
      Total |    1003 |    1267 |  55.8 |      94 |      13 |  12.1
            +---------+---------+-------+---------+---------+-------
        D:1 |      21 |       0 |   0.0 |       9 |       0 |   0.0
        D:2 |     143 |      35 |  19.7 |      23 |       1 |   4.2
        D:3 |     311 |      37 |  10.6 |      40 |       1 |   2.4
        D:4 |     115 |     826 |  87.8 |       8 |       2 |  20.0
        D:5 |     344 |     110 |  24.2 |      11 |       8 |  42.1
        D:6 |      69 |     259 |  79.0 |       3 |       1 |  25.0
            +---------+---------+-------+---------+---------+-------
